 Dungeon Crawl Stone Soup version 0.13-a0-3073-ga7cf4ae (webtiles) character file.

897 Malachi the Shield-Bearer (level 7, -5/43 HPs)
             Began as a Gargoyle Fighter on Sept 14, 2013.
             Was an Initiate of Okawaru.
             Slain by an ogre
             ... wielding a +0,+0 giant club
              (9 damage)
             ... on Level 5 of the Dungeon on Sept 16, 2013.
             The game lasted 00:06:54 (3454 turns).

Malachi the Shield-Bearer (Gargoyle Fighter)        Turns: 3454, Time: 00:06:54

HP  -5/43        AC 12     Str 21      XL: 7   Next: 33%
MP   6/6         EV  7     Int  9      God: Okawaru [......]
Gold 329         SH 20     Dex  9      Spells:  0 memorised,  6 levels left

Res.Fire  : . . .   See Invis. : .   w - +2,+3 orc flail
Res.Cold  : . . .   Warding    : .   b - +0 scale mail
Life Prot.: + . .   Conserve   : .   c - +0 shield
Res.Poison: +       Res.Corr.  : .   (no helmet)
Res.Elec. : +       Clarity    : .   (no cloak)
Sust.Abil.: . .     Spirit.Shd : .   (no gloves)
Res.Mut.  : .       Stasis     : .   (no boots)
Res.Rott. : +       Flight     : .   (no amulet)
Saprovore : . . .                    (no ring)
                                     (no ring)

@: slightly resistant to hostile enchantments, extremely unstealthy
A: fangs 1, talons 2, life protection 1, electricity resistance, slow metabolism
1, unbreathing, petrification resistance, AC +4
a: Renounce Religion


You were on level 5 of the Dungeon.
You worshipped Okawaru.
Okawaru was pleased with you.
You were not hungry.

You visited 1 branch of the dungeon, and saw 5 of its levels.

You collected 309 gold pieces.

Inventory:

Hand weapons
 a - a +0,+0 mace
 o - a +2,+0 mace of distortion
 w - a +2,+3 orcish flail (weapon)
Armour
 b - a +0 scale mail (worn)
 c - a +0 shield (worn)
Comestibles
 d - 2 bread rations
 m - a pear
 s - a choko
 u - 2 apples
Scrolls
 f - a scroll of random uselessness {unknown}
 g - a scroll of fog {unknown}
 h - 2 scrolls of amnesia {unknown}
 i - a scroll of curse weapon {unknown}
 j - 7 scrolls of identify {unknown}
 p - a scroll of noise {unknown}
Jewellery
 e - an uncursed amulet of warding {unknown}
 l - an uncursed amulet of resist mutation {unknown}
 t - an uncursed ring of invisibility {unknown}
 y - an uncursed ring of protection from magic {unknown}
Potions
 k - a potion of might
 n - a potion of curing {unknown}
 q - a potion of brilliance {unknown}
 r - a potion of resistance {unknown}
 v - a potion of agility {unknown}
 z - a potion of beneficial mutation {unknown}
 A - a potion of restore abilities {unknown}


   Skills:
 + Level 4.5 Fighting
 + Level 4.5 Maces & Flails
 + Level 5.2 Armour
 - Level 0.2 Dodging
 - Level 0.5 Stealth
 + Level 5.9 Shields


You had 6 spell levels left.
You didn't know any spells.

Dungeon Overview and Level Annotations

Branches:
Dungeon (5/27)
 Temple: D:4-7

Altars:
Cheibriados
Okawaru
Trog

Shops:
D:4 =


Innate Abilities, Weirdness & Mutations

You are resistant to torment.
You are immune to poison.
Your stone body is very resilient (AC +4).
You have very sharp teeth.
You have razor-sharp toenails.
You resist negative energy.
You are resistant to electric shocks.
You have a slow metabolism.
You can survive without breathing.
You are immune to petrification.


Message History

You barely miss the scorpion. Your kick misses the scorpion.
The scorpion stings you.
You closely miss the scorpion. Your kick misses the scorpion.
You block the scorpion's attack.
The scorpion stings you but does no damage.
You sock the ogre! Your kick misses the ogre. You bite the ogre.
The ogre is heavily wounded.
You block the ogre's attack. You block the scorpion's attack.
You barely miss the ogre. You claw the ogre. You bite the ogre.
The ogre is heavily wounded.
The scorpion stings you but does no damage.
The ogre barely misses you.
You barely miss the ogre.
The ogre is heavily wounded.
You block the scorpion's attack. The ogre hits you with a giant club!
* * * LOW HITPOINT WARNING * * *
The scorpion stings you.
* * * LOW HITPOINT WARNING * * *
The ogre hits you with a giant club!
You die...

#.#.....##...###..
#.
###.#####.######
#..
...##.##...###...#
###
.................#
.#...#.....#......
.#.#......#......
#...#...#.......
#..#...)........
###...#@#.......
#..#Os#......
###...# .....
...#..# #####
#.....#.#
........# .....#..
...#... ## ...


You could see an ogre and a scorpion.

Vanquished Creatures
  2 ice beasts
  An orc wizard (D:4)
  A hound (D:4)
  2 orc priests
  An iguana (D:4)
  2 worker ants
  An ogre zombie (D:5)
  A worker ant zombie (D:5)
  4 adders
  3 worms (D:4)
  2 giant geckos (D:3)
  12 orcs
  A ball python (D:5)
  8 bats
  2 giant cockroaches
  13 goblins
  6 hobgoblins
  11 kobolds
  A quokka (D:4)
  8 giant newts
  5 rats
87 creatures vanquished.

Vanquished Creatures (others)
  A wizard (D:4)
  A worker ant (D:3)
  A rat (D:1)
  A plant (D:2)
4 creatures vanquished.

Grand Total: 91 creatures vanquished

Notes
Turn   | Place    | Note
--------------------------------------------------------------
     0 | D:1      | Malachi, the Gargoyle Fighter, began the quest for the Orb.
     0 | D:1      | Reached XP level 1. HP: 14/14 MP: 0/0
   100 | D:1      | Reached XP level 2. HP: 19/19 MP: 1/1
   615 | D:2      | Reached XP level 3. HP: 24/24 MP: 2/2
   703 | D:2      | Found a snail-covered altar of Cheibriados.
  1207 | D:3      | Reached skill level 4 in Armour
  1207 | D:3      | Reached XP level 4. HP: 12/28 MP: 3/3
  2120 | D:3      | Upgraded the game from 0.13-a0-3016-gcb2faac to 0.13-a0-3073-ga7cf4ae
  2194 | D:4      | Noticed an ice beast
  2201 | D:3      | Reached XP level 5. HP: 29/33 MP: 4/4
  2253 | D:3      | Killed an ice beast
  2253 | D:3      | Reached XP level 6. HP: 14/39 MP: 5/5
  2255 | D:3      | Reached skill level 5 in Shields
  2572 | D:4      | Found Mnygiunn's Jewellery Shoppe.
  3215 | D:4      | Found a bloodstained altar of Trog.
  3215 | D:4      | Noticed a wizard
  3223 | D:4      | Killed a wizard
  3286 | D:5      | Entered Level 5 of the Dungeon
  3293 | D:4      | Reached skill level 5 in Armour
  3308 | D:4      | Reached XP level 7. HP: 37/43 MP: 6/6
  3385 | D:5      | Found an iron altar of Okawaru.
  3405 | D:5      | Became a worshipper of Warmaster Okawaru
  3454 | D:5      | Slain by an ogre

Action                   |  1- 3 |  4- 6 |  7- 9 || total
-------------------------+-------+-------+-------++-------
Melee: Mace              |    87 |    49 |       ||   136
       Flail             |       |    92 |    35 ||   127
  Use: Potion            |     1 |     1 |       ||     2
